 Dungeon Crawl Stone Soup version 0.20-a0-259-gc929cd2 (webtiles) character file.

480 Jarlath the Carver (level 6, -4/42 HPs)
             Began as a High Elf Monk on Dec 2, 2016.
             Slain by a gnoll
             ... wielding a +0 flail
              (12 damage)
             ... on level 4 of the Dungeon.
             The game lasted 00:03:15 (5283 turns).

Jarlath the Carver (High Elf Monk)                  Turns: 5283, Time: 00:03:16

Health: -4/42      AC:  3    Str: 15    XL:     6   Next: 86%
Magic:  7/7        EV: 13    Int: 14    God:
Gold:   204        SH:  0    Dex: 20    Spells: 5/5 levels left

rFire  . . .     SeeInvis .     a - +1 falchion
rCold  . . .     Gourm    .     n - +0 leather armour
rNeg   . . .     Faith    .     (no shield)
rPois  .         Spirit   .     (no helmet)
rElec  .         Reflect  .     (no cloak)
rCorr  +         Harm     .     (no gloves)
MR     .....                    (no boots)
Stlth  ++........               (no amulet)
                                h - +5 ring of strength
                                d - ring of resist corrosion

@: no status effects
A: no striking features
a: no special abilities


You were on level 4 of the Dungeon.
You were not hungry.

You visited 1 branch of the dungeon, and saw 5 of its levels.

You collected 204 gold pieces.

Inventory:

Hand Weapons
 a - a +1 falchion (weapon)
Armour
 n - a +0 leather armour (worn)
Jewellery
 d - a ring of resist corrosion (left hand)
 h - a +5 ring of strength (right hand)
Wands
 b - a wand of random effects (12/48)
Scrolls
 q - a scroll of remove curse
Potions
 i - a potion of flight {unknown}
 l - a potion of cancellation {unknown}
 o - 2 potions of brilliance {unknown}
Comestibles
 f - a bread ration
 g - 8 fruits
 k - 2 slices of pizza
 m - 2 beef jerkies


   Skills:
 - Level 3.0 Fighting
 * Level 9.4 Long Blades
 - Level 3.2 Dodging
 - Level 2.1 Stealth


You had 5 spell levels left.
You didn't know any spells.

Dungeon Overview and Level Annotations

Branches:
Dungeon (5/15)
 Temple: D:4-7

Altars:
Trog

Annotations:
D:4 Grinder


Message History

You hit the gnoll.
The gnoll is severely wounded.
The gnoll hits you with a flail.
You hit the gnoll.
You kill the gnoll!
The gnoll barely misses you. The gnoll hits you with a flail.
Zapping:
b - a wand of random effects (?/48) {zapped: 6} (will waste charges)
Press: ? - help, Shift-Dir - straight line, f - gnoll
Aim: a gnoll, wielding a flail The gnoll seems to speed up.
Evoking this partially-identified wand wasted a few charges.
The gnoll hits you with a flail!
* * * LOW HITPOINT WARNING * * *
The gnoll closely misses you.
Unknown command.
The gnoll barely misses you.
You riposte.
You barely miss the gnoll. The gnoll barely misses you.
There is a stone staircase leading up here.
The gnoll hits you with a flail!
You die...

###### #....####.#.#
###### ##..### #..#.
##....## ##..## ###.#
###......### #..##
#.#. #..........##
##.## ##.#
##...........#####.##
.#
#..............##.##
#................##
................@##
................g.#
................g.#
..................#
..................#
..................#
..................#
..................#
..................#


You could see 2 gnolls.

Vanquished Creatures
  Edmund (D:5)
  A scorpion (D:4)
  3 hounds
  2 worker ants
  A killer bee zombie (D:5)
  5 adders
  3 gnolls
  A shadow imp (D:5)
  A worm (D:5)
  2 dart slugs (D:1)
  3 leopard geckos
  6 giant cockroaches
  11 goblins
  8 hobgoblins
  3 jackals (D:1)
  4 kobolds
  A quokka (D:5)
  2 ball pythons
  5 bats
  6 frilled lizards
  A quokka zombie (D:5)
  4 rats
74 creatures vanquished.

Notes
Turn   | Place    | Note
-------+----------+-------------------------------------------
     0 | D:1      | Jarlath the High Elf Monk began the quest for the Orb.
     0 | D:1      | Reached XP level 1. HP: 16/16 MP: 2/2
    27 | D:1      | Reached skill level 4 in Long Blades
    67 | D:1      | Reached XP level 2. HP: 9/21 MP: 3/3
   568 | D:1      | Reached skill level 5 in Long Blades
   963 | D:1      | Reached XP level 3. HP: 26/26 MP: 4/4
  1523 | D:2      | Reached XP level 4. HP: 29/31 MP: 5/5
  1530 | D:2      | Reached skill level 6 in Long Blades
  2114 | D:3      | Found a bloodstained altar of Trog.
  2728 | D:4      | Noticed Grinder
  2740 | D:3      | Reached skill level 7 in Long Blades
  2740 | D:3      | Reached XP level 5. HP: 34/36 MP: 6/6
  3634 | D:4      | You fall through a shaft!
  3634 | D:5      | Entered Level 5 of the Dungeon
  3838 | D:5      | Reached skill level 8 in Long Blades
  4187 | D:5      | Reached XP level 6. HP: 34/42 MP: 7/7
  4543 | D:5      | Noticed Edmund
  4592 | D:5      | Killed Edmund
  4592 | D:5      | Reached skill level 9 in Long Blades
  5283 | D:4      | Slain by a gnoll

Vault maps used:
D:1:      moated_graveyard_arrival
D:3:      hex_tiny, trog_three_pillars_becter
D:4:      minivault_23, hangedman_decor_riveting, uniq_grinder
D:5:      wad_crossroads, first_bread, uniq_edmund

Skill      XL: |  1  2  3  4  5  6 |
---------------+-------------------+-----
Long Blades    | 4 5 7 8 9 |  9.4
Fighting       | |  3.0
Dodging        | |  3.2
Stealth        | |  2.1

Action                   |  1- 3 |  4- 6 || total
-------------------------+-------+-------++-------
Melee: Falchion          |    96 |   199 ||   295
Evoke: Wand              |       |     3 ||     3
  Use: Potion            |     1 |     5 ||     6
       Scroll            |     6 |     2 ||     8
 Stab: Sleeping          |     4 |     8 ||    12
       Distracted        |     1 |     1 ||     2
       Paralysed         |       |     1 ||     1
  Eat: Bread ration      |     1 |     2 ||     3
       Chunk             |       |     2 ||     2
Armor: Robe              |    14 |       ||    14
       Leather armour    |     2 |    20 ||    22
       Skin              |       |    15 ||    15
Dodge: Dodged            |    64 |   120 ||   184
       Rpst.: Falchion   |    23 |    48 ||    71
